 Dungeon Crawl Stone Soup version 0.30-a0-630-g881e3bac89 (webtiles) character file.

Game seed: 14945699722533417159

193694 Citaku the Impregnable (level 17, -1/158 HPs)
             Began as a Minotaur Fighter on Jan 13, 2023.
             Was an Initiate of Gozag.
             Slain by a merfolk impaler
             ... wielding a +3 demon trident of freezing
              (3 damage)
             ... on level 4 of the Shoals.
             The game lasted 01:18:06 (38465 turns).

Citaku the Impregnable (Minotaur Fighter)          Turns: 38465, Time: 01:18:06

Health: -1/158     AC: 36    Str: 32    XL:     17   Next: 65%
Magic:  16/16      EV:  4    Int:  7    God:    Gozag
Gold:   1392       SH:  0    Dex: 11    Spells: 16/16 levels left

rFire   + . .      SeeInvis .    G - +8 mithril axe "Arga" {speed, Will+}
rCold   + + .      Faith    .    c - +6 tower shield
rNeg    + . .      Spirit   .    L - +4 plate armour {rC+}
rPois   .          Reflect  +    (helmet restricted)
rElec   .          Harm     .    n - +1 cloak "Ipsos" {rN+}
rCorr   +          Rampage  .    d - +5 pair of gloves of the World {rC+ Str+4 Int+2 Slay+2}
Will    +....                    s - +1 pair of boots {Fly} Stlth
                                 a - amulet of reflection
HPRegen 0.46/turn                I - ring of resist corrosion
MPRegen 0.15/turn                z - ring of protection from fire

@: lethally poisoned (-1 -> -2), weak-willed, gold aura, flying, held
A: horns 2, retaliatory headbutt
}: 1/15 runes: gossamer
a: Renounce Religion, Potion Petition, Call Merchant, Bribe Branch


You were on level 4 of the Shoals.
You worshipped Gozag.
Gozag was most pleased with you.
You visited 6 branches of the dungeon, and saw 31 of its levels.

You collected 10492 gold pieces.
You spent 3268 gold pieces at shops.
You paid 5832 gold pieces to Gozag.

Inventory:

Hand Weapons
 G - the +8 mithril axe "Arga" (weapon) {speed, Will+}
   (You bought it in a shop on level 1 of the Orcish Mines)

   Will:      It increases your willpower.
Missiles
 w - 6 throwing nets
Armour
 c - a +6 tower shield (worn)
 d - the +5 pair of gloves of the World (worn) {rC+ Str+4 Int+2 Slay+2}
   (You bought it in a shop on level 2 of the Orcish Mines)

   Str:       It affects your strength (+4).
   Int:       It affects your intelligence (+2).
   Slay:      It affects your accuracy & damage with ranged weapons and melee
   (+2).
   rC:        It protects you from cold.
 n - the +1 cloak "Ipsos" (worn) {rN+}
   (You bought it in a shop on level 11 of the Dungeon)

   rN:        It protects you from negative energy.
 s - a +1 pair of boots of flying (worn)
 L - a +4 plate armour of cold resistance (worn)
Jewellery
 a - an amulet of reflection (around neck)
 z - a ring of protection from fire (right hand)
 E - a +5 ring of evasion
 I - a ring of resist corrosion (left hand)
 M - a ring of protection from cold
 R - a ring of protection from cold
Wands
 l - a wand of charming (19)
 p - a wand of flame (48)
 y - a wand of roots (8)
 D - a wand of polymorph (2)
 F - a wand of light (9)
 J - a wand of mindburst (7)
Scrolls
 b - 4 scrolls of fog
 o - 14 scrolls of teleportation
 x - 13 scrolls of identify
 C - 4 scrolls of amnesia
 H - 3 scrolls of enchant weapon
Potions
 e - 4 potions of attraction
 f - a potion of cancellation
 g - 2 potions of invisibility
 i - 10 potions of ambrosia
 j - 6 potions of lignification
 k - 5 potions of magic
 m - 3 potions of resistance
 q - 4 potions of curing
 r - a potion of heal wounds
 t - 6 potions of mutation
 A - 3 potions of brilliance
 K - 4 potions of flight
 Q - a potion of berserk rage
 S - a potion of might
Miscellaneous
 h - a phantom mirror
 u - a tin of tremorstones (2/2)
 v - a phantom mirror (quivered)
 B - a piece from Xom's chessboard (15/15)
 O - a piece from Xom's chessboard (15/15)
 P - a condenser vane


   Skills:
 + Level 15.9 Fighting
 * Level 21.4 Axes
 * Level 21.4 Armour
 * Level 18.9 Shields


You had 16 spell levels left.
You didn't know any spells.
Your spell library contained the following spells:

 Spells                   Type           Power      Damage    Failure   Level
 Beastly Appendage        Tmut           0%         N/A       98%         1
 Freeze                   Ice            0%         1d3       98%         1
 Magic Dart               Conj           0%         1d3       98%         1
 Slow                     Hex            0%         N/A       98%         1
 Summon Small Mammal      Summ           0%         N/A       98%         1
 Blink                    Tloc           0%         N/A       99%         2
 Call Imp                 Summ           0%         N/A       99%         2
 Ensorcelled Hibernation  Hex/Ice        0%         N/A       99%         2
 Momentum Strike          Conj/Tloc      0%         3d8       99%         2
 Passwall                 Tmut/Erth      0%         N/A       99%         2
 Scorch                   Fire           0%         2d5       99%         2
 Static Discharge         Conj/Air       0%         2-2/arc   99%         2
 Wereblood                Tmut           0%         N/A       99%         2
 Call Canine Familiar     Summ           0%         N/A       100%        3
 Confusing Touch          Hex            0%         N/A       100%        3
 Frozen Ramparts          Ice            0%         1d1       100%        3
 Gell's Gravitas          Tloc           0%         N/A       100%        3
 Hailstorm                Conj/Ice       0%         3d3       100%        3
 Lesser Beckoning         Tloc           0%         N/A       100%        3
 Mephitic Cloud           Conj/Pois/Air  0%         N/A       100%        3
 Spider Form              Tmut/Pois      0%         N/A       100%        3
 Summon Guardian Golem    Hex/Summ       0%         N/A       100%        3
 Swiftness                Air            0%         N/A       100%        3
 Teleport Other           Tloc           0%         N/A       100%        3
 Vampiric Draining        Necr           0%         2d6       100%        3
 Vhi's Electric Charge    Tloc/Air       0%         N/A       100%        3
 Anguish                  Hex/Necr       0%         N/A       100%        4
 Animate Armour           Summ/Erth      0%         N/A       100%        4
 Flame Wave               Conj/Fire      0%         2d4       100%        4
 Arcjolt                  Conj/Air       0%         1d10      100%        5
 Blade Hands              Tmut           0%         N/A       100%        5
 Freezing Cloud           Conj/Ice/Air   0%         6-21      100%        5
 Irradiate                Conj/Tmut      0%         3d11      100%        5
 Lightning Bolt           Conj/Air       0%         1d11      100%        5
 Iron Shot                Conj/Erth      0%         9d1       100%        6
 Summon Cactus Giant      Summ           0%         N/A       100%        6
 Dragon Form              Tmut           0%         N/A       100%        7
 Polar Vortex             Ice            0%         N/A       100%        9
 Simulacrum               Ice/Necr       Unusable   N/A       N/A         6

Dungeon Overview and Level Annotations

Branches:
Dungeon (15/15)            Temple (1/1) D:5            Lair (5/5) D:9
 Shoals (4/4) Lair:2       Spider (4/4) Lair:2        Slime (0/5) Lair:4
    Orc (2/2) D:11            Elf (0/3) Orc:2        Vaults (0/5) D:13
 Depths (0/4) D:15

Altars:
Ashenzari
Cheibriados
Dithmenos
Elyvilon
Fedhas
Gozag
Hepliaklqana
Kikubaaqudgha
Makhleb
Nemelex Xobeh
Okawaru
Qazlal
Ru
Sif Muna
Trog
Uskayaw
Vehumet
Wu Jian
Xom
Yredelemnul
Zin
The Shining One
Jiyva
Lugonu

Shops:
D:3 =   D:4 *   D:6 *([   D:11 *?   D:12 (   Orc:1 !(   Orc:2 [[![   Shoals:3 (
Spider:4 (([

Portals:
Abyss: Lair:5
Trove: D:14 (give +5 demon trident)

Annotations:
Shoals:4 Ilsuiw, Polyphemus


Innate Abilities, Weirdness & Mutations

You have a pair of horns on your head.
You reflexively headbutt those who attack you in melee.


Message History

The merfolk impaler hits you from afar with a +3 demon trident of freezing.
* * * LOW HITPOINT WARNING * * *
The merfolk barely misses you.
The merfolk javelineer throws a silver javelin.
The silver javelin pierces through you but does no damage.
* * * LOW HITPOINT WARNING * * *
The merfolk hits you but does no damage.
The merfolk impaler hits you but does no damage.
The merfolk javelineer throws a javelin.
The javelin pierces through you.
* * * LOW HITPOINT WARNING * * *
You struggle against the net.
You feel sick.
The manticore is no longer distracted by gold.
The merfolk barely misses you. Something hits you.
* * * LOW HITPOINT WARNING * * *
The merfolk hits you but does no damage.
The faun shoots a sling bullet.
The sling bullet hits you.
* * * LOW HITPOINT WARNING * * *
The merfolk hits you but does no damage.
The merfolk impaler hits you but does no damage.
The merfolk javelineer throws a silver javelin.
The silver javelin pierces through you but does no damage.
* * * LOW HITPOINT WARNING * * *
The merfolk hits you from afar with a +0 trident.
* * * LOW HITPOINT WARNING * * *
The manticore flicks its tail.
The volley of spikes hits you but does no damage.
The merfolk javelineer throws a javelin.
The javelin pierces through you but does no damage.
You struggle against the net.
You feel sick. The merfolk barely misses you.
Something hits you but does no damage.
The merfolk hits you from afar with a +0 trident.
* * * LOW HITPOINT WARNING * * *
The merfolk impaler hits you from afar with a +3 demon trident of freezing.
* * * LOW HITPOINT WARNING * * *
The merfolk throws a boomerang.
The boomerang hits you!
* * * LOW HITPOINT WARNING * * *
The merfolk impaler hits you from afar with a +3 demon trident of freezing.
You die...
Your body crumbles into a pile of gold.

..... ## ...
~~....####.##.~~~
~~m.m.........~~~
~~..........~.~~~
~~~...........~~~
≈≈≈~~~..Cmmm§....~~~
≈≈≈~~~~..mmmmm......
≈≈≈~~~~..m§m§{......
≈≈≈≈≈~~..m§@§m~~~...
≈≈≈≈≈≈~~.§§§§c§~~...
≈≈≈≈≈≈~~$.§§§§~~....
≈≈≈≈≈≈~~~..~~~H~...#
≈≈≈≈≈~~~~..~~~~~...#
≈≈≈≈≈~~~~~.~~~~~~..#
≈≈≈≈≈~~~~~~~~~~~~~~#
≈≈≈≈≈≈≈≈~~~~~~~~~~~~
≈≈≈≈≈≈≈≈≈~~~≈≈≈≈≈~~~


You could see 2 merfolk impalers, 2 merfolk javelineers, 5 merfolk and a faun.

Vanquished Creatures
  Arachne (Spider:3)
  Kirke (D:13)
  Agnes (Spider:3)
  The ghost of Xeilinoatz the Ogre Mage, a journeyman OgCj of Vehumet (Spider:2)
  9 emperor scorpions
  Louise (Shoals:1)
  4 ghost moths
  2 broodmothers
  A stone giant (D:15)
  Nessos (Lair:4)
  A spark wasp (Spider:3)
  Snorg (Lair:5)
  2 entropy weavers
  5 merfolk impalers
  4 hydras
  Erolcha (D:11)
  A radroach (Spider:4)
  2 merfolk avatars (Shoals:2)
  An ogre mage (D:15)
  2 alligator snapping turtles (Shoals:2)
  3 catoblepae
  2 jorogumos
  An anaconda (Shoals:2)
  The ghost of Cilot the Convoker, a journeyman TeSu of Gozag (Shoals:1)
  8 boulder beetles
  8 two-headed ogres
  3 satyrs
  8 death yaks
  4 centaur warriors
  2 tengu warriors (D:15)
  4 thrashing horrors (Lair:5)
  Amaemon (Lair:2)
  7 pharaoh ants
  A sun moth (Spider:3)
  A large abomination (Lair:5)
  A skeletal warrior (D:13)
  A fire crab (D:9)
  3 sea snakes (Shoals:3)
  A wizard (D:15)
  8 harpies
  6 orc knights
  A deep elf archer (D:13)
  8 orb spiders
  8 steelbarb worms
  5 deep elf pyromancers
  5 deep elf zephyrmancers
  23 wolf spiders
  3 orc sorcerers (Orc:1)
  4 cyclopes
  11 fauns
  11 manticores
  10 ugly things
  6 merfolk sirens
  2 moths of wrath
  5 elephants (Lair:5)
  5 demonic crawlers
  11 slime creatures
  Maurice (D:9)
  Joseph (D:9)
  2 gargoyles (D:14)
  A smoke demon (Lair:5)
  11 cane toads
  3 torpor snails
  An orange demon (Lair:2)
  4 centaur skeletons (D:13)
  A tengu conjurer (D:14)
  2 freezing wraiths
  6 komodo dragons
  A rime drake (Lair:5)
  3 efreet
  An ancient zyme (Lair:5)
  3 yaktaurs (D:13)
  A queen bee (Lair:4)
  27 tarantellas
  15 merfolk
  6 meliai
  3 trolls
  3 wind drakes
  2 hornets
  3 polar bears
  A raiju (shapeshifter) (D:11)
  27 jumping spiders
  14 blink frogs
  9 dream sheep
  4 snapping turtles
  32 culicivoras
  2 spriggans (Lair:5)
  3 wraiths
  44 yaks
  A shadow (D:10)
  A centaur simulacrum (D:14)
  5 water elementals
  A wyvern (D:10)
  A ynoxinul (Lair:5)
  A yak (shapeshifter) (Lair:5)
  45 redbacks
  3 chaos spawn (Lair:5)
  3 hogs (D:13)
  2 steam dragons
  11 vampire mosquitoes
  7 basilisks
  A warg (Orc:1)
  A warg (shapeshifter) (D:14)
  12 water moccasins
  An acid dragon (D:11)
  34 orc warriors
  A swamp drake (Orc:2)
  10 small abominations (Lair:5)
  2 sky beasts
  2 black bears
  14 ogres
  15 wolves
  20 centaurs
  2 kobold brigands
  A gnoll sergeant (D:7)
  9 bullfrogs
  2 scorpions (D:4)
  3 wights (D:9)
  24 killer bees
  7 howler monkeys
  A crimson imp (Orc:2)
  2 jellies
  2 gnoll boudas
  17 orc priests
  4 hounds
  An iron imp (Orc:2)
  Terence (D:3)
  3 iguanas
  27 orc wizards
  2 troll simulacra (D:11)
  9 gnolls
  5 adders
  A shadow imp (Orc:2)
  3 white imps
  3 ufetubi
  3 worms
  2 dart slugs
  76 orcs
  10 endoplasms
  5 giant cockroaches
  6 goblins
  5 hobgoblins
  4 jackals (D:3)
  7 quokkas
  7 ball pythons
  3 bats
  2 frilled lizards (D:1)
  19 kobolds
  4 rats
947 creatures vanquished.

Vanquished Creatures (collateral kills)
  Psyche (D:12)
1 creature vanquished.

Vanquished Creatures (others)
  A merfolk javelineer (Shoals:4)
  An orc (Orc:2)
  16 fungi
  30 plants
48 creatures vanquished.

Grand Total: 996 creatures vanquished

Notes
Turn   | Place    | Note
-------+----------+-------------------------------------------
     0 | D:1      | Citaku the Minotaur Fighter began the quest for the Orb.
     0 | D:1      | Reached XP level 1. HP: 19/19 MP: 0/0
   226 | D:1      | Reached XP level 2. HP: 27/27 MP: 1/1
   911 | D:2      | Reached XP level 3. HP: 33/33 MP: 2/2
  1235 | D:2      | Identified the +2 robe of Marbles {Regen+}
  1665 | D:3      | Found Cukk's Jewellery Shoppe.
  1813 | D:3      | Reached XP level 4. HP: 38/40 MP: 3/3
  1941 | D:3      | Found a hide-covered altar of Uskayaw.
  1987 | D:3      | Noticed Terence
  1994 | D:3      | Killed Terence
  2218 | D:3      | Found a faded altar of an unknown god.
  2851 | D:4      | Reached skill level 5 in Armour
  2851 | D:4      | Reached XP level 5. HP: 43/47 MP: 4/4
  3191 | D:4      | Reached XP level 6. HP: 53/53 MP: 5/5
  3211 | D:4      | Found Iruluur's Serpentskin Sales.
  3211 | D:4      | Noticed a water moccasin
  3217 | D:4      | Killed a water moccasin
  3218 | D:4      | Reached skill level 5 in Axes
  3292 | D:4      | Reached skill level 5 in Fighting
  3292 | D:4      | Reached skill level 5 in Shields
  3629 | D:5      | Entered Level 5 of the Dungeon
  3655 | D:5      | Found an opulent altar of Gozag.
  3681 | D:5      | Reached XP level 7. HP: 37/61 MP: 6/6
  3719 | D:5      | Became a worshipper of Gozag Ym Sagoz the Greedy
  4169 | D:5      | Found a sparkling altar of Nemelex Xobeh.
  4319 | D:5      | Found a staircase to the Ecumenical Temple.
  4443 | D:5      | Reached XP level 8. HP: 48/70 MP: 7/7
  4761 | Temple   | Entered the Ecumenical Temple
  5207 | D:6      | Found Ciengats's General Store.
  5241 | D:6      | Bought a scroll of identify for 22 gold pieces
  5241 | D:6      | Bought a scroll of teleportation for 33 gold pieces
  5354 | D:6      | Found a shadowy altar of Dithmenos.
  5563 | D:6      | Found Udoruxky's Antique Armour Shop.
  5603 | D:6      | Found a sacrificial altar of Ru.
  5639 | D:6      | Found Peech's Weapon Shoppe.
  5699 | D:6      | Found a stormy altar of Qazlal.
  6066 | D:7      | Found an ancient bone altar of Kikubaaqudgha.
  6073 | D:7      | Found a shimmering altar of Xom.
  6158 | D:7      | Noticed a hornet
  6178 | D:7      | Killed a hornet
  6413 | D:7      | Reached XP level 9. HP: 78/78 MP: 8/8
  7236 | D:8      | Found a basalt altar of Yredelemnul.
  7459 | D:8      | Paralysed by a hornet for 2 turns
  7682 | D:8      | Noticed a two-headed ogre
  7690 | D:8      | Killed a two-headed ogre
  7691 | D:8      | Reached skill level 10 in Armour
  8227 | D:9      | Found an iron altar of Okawaru.
  8227 | D:9      | Noticed Joseph
  8248 | D:9      | Killed Joseph
  8249 | D:9      | Reached skill level 10 in Axes
  8478 | D:9      | Reached XP level 10. HP: 56/88 MP: 9/9
  8590 | D:9      | Found a staircase to the Lair.
  8591 | D:9      | Noticed a fire crab
  8604 | D:9      | Killed a fire crab
  8798 | D:9      | Noticed Maurice
  9195 | D:9      | Killed Maurice
 10469 | D:10     | Entered Level 10 of the Dungeon
 11074 | D:10     | Noticed a two-headed ogre
 11081 | D:10     | Killed a two-headed ogre
 11159 | D:10     | Reached XP level 11. HP: 97/97 MP: 10/10
 11290 | D:11     | Noticed a brown ugly thing
 11296 | D:11     | Killed a brown ugly thing
 11554 | D:11     | Noticed Erolcha
 11761 | D:11     | Killed Erolcha
 12070 | D:11     | Noticed a deep elf pyromancer
 12085 | D:11     | Killed a deep elf pyromancer
 12190 | D:11     | Noticed a boulder beetle
 12211 | D:11     | Killed a boulder beetle
 12417 | D:11     | Found a staircase to the Orcish Mines.
 12448 | D:11     | Reached skill level 10 in Fighting
 12539 | D:11     | Noticed a two-headed ogre
 12551 | D:11     | Killed a two-headed ogre
 12552 | D:11     | Reached skill level 10 in Shields
 13517 | D:12     | Noticed a deep elf pyromancer
 13523 | D:12     | Killed a deep elf pyromancer
 13559 | D:12     | Reached XP level 12. HP: 93/107 MP: 11/11
 13645 | D:12     | Noticed a two-headed ogre
 13648 | D:12     | Noticed Psyche
 13650 | D:12     | Killed a two-headed ogre
 13686 | D:12     | Killed Psyche
 14193 | D:11     | Noticed a centaur warrior
 14194 | D:11     | Identified the +4 short sword "Ogre's Funeral" {heavy,
                  | rPois}
 14411 | D:12     | Killed a centaur warrior
 14883 | D:11     | Bought a scroll labelled ELIWE OHUW for 22 gold pieces
 14883 | D:11     | Bought a scroll of identify for 44 gold pieces
 14883 | D:11     | Bought a bloodstained cloak for 209 gold pieces
 14883 | D:11     | Identified the +1 cloak "Ipsos" {rN+} (You bought it in a
                  | shop on level 11 of the Dungeon)
 14892 | D:11     | Bought a scroll of blinking for 112 gold pieces
 14892 | D:11     | Bought a scroll of enchant weapon for 112 gold pieces
 14892 | D:11     | Bought a scroll of enchant weapon for 112 gold pieces
 15070 | D:12     | Found Zex Hadu's Weapon Shop.
 15579 | Orc:1    | Entered Level 1 of the Orcish Mines
 15810 | Orc:1    | Reached skill level 15 in Armour
 15969 | Orc:1    | Found Ybbi's Distillery.
 15973 | Orc:1    | Bought a potion of might for 52 gold pieces
 15973 | Orc:1    | Bought a potion of heal wounds for 65 gold pieces
 16247 | Orc:2    | Entered Level 2 of the Orcish Mines
 16282 | Orc:1    | Reached skill level 15 in Axes
 17594 | Orc:2    | Found a staircase to the Elven Halls.
 17688 | Orc:2    | Reached XP level 13. HP: 98/114 MP: 12/12
 17731 | Orc:2    | HP: 4/116 [centaur/arrow (6)]
 18145 | Orc:2    | Found Kazom's Distillery.
 18145 | Orc:2    | Found Secok's Antique Armour Boutique.
 18147 | Orc:2    | Found Ixaumi's Antique Armour Shop.
 18149 | Orc:2    | Found Kuliesamn's Armour Shoppe.
 18178 | Orc:2    | Bought a runed tower shield for 240 gold pieces
 18178 | Orc:2    | Bought a pair of heavily runed gloves for 304 gold pieces
 18178 | Orc:2    | Identified the +5 pair of gloves of the World {rC+ Str+4
                  | Int+2 Slay+2} (You bought it in a shop on level 2 of the
                  | Orcish Mines)
 18886 | Orc:2    | Bought a potion of heal wounds for 65 gold pieces
 18886 | Orc:2    | Bought a potion of might for 52 gold pieces
 18886 | Orc:2    | Bought a potion of might for 52 gold pieces
 18886 | Orc:2    | Bought a potion of curing for 39 gold pieces
 18886 | Orc:2    | Bought a potion of might for 52 gold pieces
 18886 | Orc:2    | Bought a potion of curing for 39 gold pieces
 18886 | Orc:2    | Bought a potion of curing for 39 gold pieces
 18886 | Orc:2    | Bought a potion of might for 52 gold pieces
 20075 | D:13     | Found a gate to the Vaults.
 20366 | D:13     | Noticed Kirke
 20372 | D:13     | Noticed a sphinx
 20375 | D:13     | Killed Kirke
 20842 | D:14     | Found a portal to a secret trove of treasure.
 20977 | D:14     | Found a blossoming altar of Fedhas.
 21302 | D:15     | Entered Level 15 of the Dungeon
 21381 | D:15     | Reached XP level 14. HP: 121/127 MP: 13/13
 22335 | D:15     | Found a staircase to the Depths.
 22335 | D:15     | Noticed a stone giant
 22342 | D:15     | Killed a stone giant
 22718 | Lair:1   | Entered Level 1 of the Lair of Beasts
 23761 | Orc:1    | Bought the +8 mithril axe "Arga" {speed, Will+} for 1356
                  | gold pieces
 23761 | Orc:1    | Found the +8 mithril axe "Arga" {speed, Will+}
 24004 | Lair:2   | Noticed Amaemon
 24011 | Lair:2   | Killed Amaemon
 24083 | Lair:2   | Found a staircase to the Shoals.
 24671 | Lair:2   | Found a hole to the Spider Nest.
 25852 | Lair:4   | Found a staircase to the Slime Pits.
 25857 | Lair:4   | Found a viscous altar of Jiyva.
 26032 | Lair:4   | Found a broken altar of Ashenzari.
 26067 | Lair:4   | Noticed Nessos
 26073 | Lair:4   | Killed Nessos
 26864 | Lair:5   | Entered Level 5 of the Lair of Beasts
 26947 | Lair:5   | Reached XP level 15. HP: 135/136 MP: 14/14
 26953 | Lair:5   | Reached skill level 15 in Shields
 27053 | Lair:5   | Noticed Snorg
 27111 | Lair:5   | Killed Snorg
 27590 | Lair:5   | Found a corrupted altar of Lugonu.
 27633 | Lair:5   | Found a one-way gate to the infinite horrors of the Abyss.
 28241 | Shoals:1 | Entered Level 1 of the Shoals
 28569 | Spider:1 | Entered Level 1 of the Spider Nest
 29630 | Spider:1 | Reached XP level 16. HP: 147/147 MP: 15/15
 29989 | Spider:2 | Found a runed translucent door.
 29989 | Spider:2 | Noticed Xeilinoatz's ghost (journeyman OgCj)
 30010 | Spider:2 | Killed Xeilinoatz's ghost
 31072 | Spider:3 | Noticed Arachne
 31091 | Spider:3 | Killed Arachne
 31175 | Spider:3 | Noticed Agnes
 31188 | Spider:3 | Killed Agnes
 32346 | Spider:4 | Entered Level 4 of the Spider Nest
 32365 | Spider:3 | Reached skill level 15 in Fighting
 33608 | Spider:4 | Reached XP level 17. HP: 100/156 MP: 0/16
 33731 | Spider:4 | Got a gossamer rune of Zot
 34280 | Spider:4 | Bought a pair of glowing boots for 195 gold pieces
 34922 | Shoals:1 | Noticed Louise
 34938 | Shoals:1 | Killed Louise
 34991 | Shoals:1 | Found a runed translucent door.
 35026 | Shoals:1 | Noticed Cilot's ghost (journeyman TeSu)
 35040 | Shoals:1 | Killed Cilot's ghost
 36928 | Shoals:3 | Found Yjegew's Weapon Shop.
 37515 | Shoals:4 | Entered Level 4 of the Shoals
 37515 | Shoals:4 | Noticed Polyphemus
 37546 | Shoals:4 | Noticed Ilsuiw
 38465 | Shoals:4 | HP: 2/158 [merfolk/boomerang (11)]
 38465 | Shoals:4 | Slain by a merfolk impaler

Illustrated notes

Levels and vault maps discovered:
D:1:      minmay_arrival_three_doors, layout_basic, nicolae_wormholes
D:2:      layout_basic, minmay_pentomino_pile
D:3:      layout_basic, nicolae_uskayaw_suspiria, serial_shops,
          nicolae_diamond_shop, ebering_ecumenical_altar_hall, uniq_terence
D:4:      layout_loops_ring, guppyfry_shop_venom
D:5:      layout_loops_ring, nicolae_gozag_seed_capital,
          nemelex_diamond_rough_becter, minmay_temple_entry_nine_rooms,
          portal_sewer_entry_f
D:6:      layout_rooms, grunt_dithmenos_smoke, nicolae_ru_the_path_less_chosen,
          general_overflow_altar, serial_shops,
          nicolae_shop_bloodbath_and_beyond, shop, shop
D:7:      layout_basic, amethyst_overflow_temple_binary,
          minmay_a_box_with_orc_wizards_in_it
D:8:      layout_gridville, mainiacjoe_overflow_paths
D:9:      layout_roguey, overflow_temple_1_default, minmay_lair_entry_lava,
          nicolae_nh_ransacked_shop, uniq_joseph, uniq_maurice
D:10:     layout_irregular_city, dreamdust_gnoll_shepherd
D:11:     minmay_inside_and_out, layout_cave_pools,
          portal_ice_cave_entry_ice_simulacra, uniq_erolcha
D:12:     layout_layer_cave, serial_shops, shop, hellmonk_bongcloud_opening,
          hangedman_decor_growths, uniq_psyche
D:13:     layout_basic, hangedman_vaults_entry_quadrant_bands, uniq_kirke
D:14:     layout_roguey, enter_trove_2, fedhas_altar_2
D:15:     grunt_enter_depths_snipers, layout_layer_cave,
          dreamdust_mushroom_princess, grunt_ministairs_12
Temple:   minmay_temple_forest_path
Lair:1:   layout_loops_ring
Lair:2:   layout_cave_pods, elwin_shoals_entry_stream, dummy_spider_entry,
          serial_bayou_lagoon_b, uniq_amaemon
Lair:3:   layout_roguey
Lair:4:   layout_cave_pods, slime_entry_1, basic_altar, special_room
          [special_room_bee], uniq_nessos
Lair:5:   hellmonk_lair_end_abyssal_woods, layout_concentric_octagons,
          uniq_snorg
Shoals:1: layout_shoals, ebering_ghost_reflecting_pool, uniq_louise
Shoals:2: layout_shoals, nicolae_shoals_siren_and_animal_friends
Shoals:3: layout_shoals, serial_shops, nicolae_shop_statue_plus
Shoals:4: shoals_end_grunt_ice, layout_shoals, shoals_ilsuiw_alternative,
          uniq_polyphemus
Spider:1: layout_spider_delve
Spider:2: layout_spider_delve, ebering_ghost_inner_flame,
          nicolae_spider_moth_buddies
Spider:3: layout_spider_delve, uniq_agnes, uniq_arachne
Spider:4: grunt_spider_rune_circles, hangedman_spider_tarantella_strand
Orc:1:    layout_diamond_mine, serial_shops, shop
Orc:2:    st_orc_rangers, layout_caves, hangedman_minor_magic

Skill      XL: |  1  2  3  4  5  6  7  8  9 10 11 12 13 14 15 16 17 |
---------------+----------------------------------------------------+-----
Armour         | 4 5 6 7 8 10 12 13 15 16 18 19 20 21 | 21.4
Axes           | 3 4 5 6 8 10 12 13 15 16 18 19 20 21 | 21.4
Fighting       | 4 5 6 8 9 10 11 12 13 14 15 | 15.9
Shields        | 4 5 6 7 9 10 11 13 14 16 18 | 18.9

Action                   |  1- 3 |  4- 6 |  7- 9 | 10-12 | 13-15 | 16-18 || total
-------------------------+-------+-------+-------+-------+-------+-------++-------
Melee: War axe           |    82 |   104 |   240 |   389 |   290 |       ||  1105
       Headbutt          |     9 |    11 |    43 |    68 |   166 |   181 ||   478
       Unarmed           |       |       |       |     2 |       |       ||     2
       Broad axe         |       |       |       |       |   545 |   729 ||  1274
Throw: Throwing net      |       |       |       |     1 |       |       ||     1
Invok: Call Merchant     |       |       |       |     2 |     1 |     3 ||     6
  Use: Potion            |       |     1 |     6 |    16 |     9 |    10 ||    42
       Scroll            |       |       |    22 |    15 |     8 |     6 ||    51
 Stab: Distracted        |       |       |     2 |     5 |    10 |     6 ||    23
       Invisible         |       |       |       |     3 |       |       ||     3
Armor: Scale mail        |    51 |    58 |    66 |       |       |       ||   175
       Plate armour      |       |       |    74 |   273 |   336 |   343 ||  1026
Dodge: Dodged            |    38 |    48 |   108 |   169 |   143 |    96 ||   602
Block: Buckler           |    21 |    33 |    85 |   230 |    33 |       ||   402
       Tower shield      |       |       |       |       |   813 |   812 ||  1625
       Reflection        |       |       |       |       |     7 |    79 ||    86

Table legend: (Time is in decaauts)
 A = Elapsed time spent in this place.
 B = Non-inter-level travel time spent in this place.
 C = Inter-level travel time spent in this place.
 D = Time resting spent in this place.
 E = Time spent auto-exploring this place.
 F = Levels seen in this place.
 G = Mean time per level.
                   A        B        C        D        E       F      G
               +--------+--------+--------+--------+--------+-----+--------+
         Total |  38324 |  35685 |   2639 |   5927 |  22053 |  31 | 1236.3 |
       Dungeon |  19602 |  17963 |   1639 |   2260 |  12030 |  15 | 1306.8 |
        Temple |    351 |    314 |     37 |      0 |    303 |   1 |  351.0 |
          Lair |   5231 |   4878 |    353 |    158 |   3717 |   5 | 1046.2 |
        Shoals |   3667 |   3583 |     84 |    997 |   1944 |   4 |  916.8 |
   Spider Nest |   5829 |   5573 |    256 |   1480 |   2904 |   4 | 1457.2 |
  Orcish Mines |   3641 |   3373 |    268 |   1031 |   1154 |   2 | 1820.5 |
               +--------+--------+--------+--------+--------+-----+--------+

Top non-repeatable levels by time:
Spider:3: 2220 daAuts
    D:11: 1978 daAuts
   Orc:2: 1922 daAuts
     D:9: 1917 daAuts
    D:12: 1906 daAuts
   Orc:1: 1719 daAuts
Shoals:3: 1706 daAuts
    D:13: 1629 daAuts
    D:10: 1602 daAuts
Spider:4: 1594 daAuts
  Lair:2: 1366 daAuts
     D:5: 1361 daAuts
    D:15: 1341 daAuts
     D:7: 1332 daAuts
  Lair:5: 1229 daAuts
